 Dungeon Crawl Stone Soup version 0.29.1-1-gd02db6906a (webtiles) character file.

Game seed: 10336844699011361260

2256 Sanktem7 the Fighter (level 9, -3/86 HPs)
             Began as a Minotaur Fighter on Oct 2, 2022.
             Was a Believer of Trog.
             Slain by an orc knight
             ... wielding a +0 broad axe
              (24 damage)
             ... in a bailey.
             The game lasted 00:13:15 (7565 turns).

Sanktem7 the Fighter (Minotaur Fighter)             Turns: 7565, Time: 00:13:15

Health: -3/86      AC: 12    Str: 25    XL:     9   Next: 15%
Magic:  0/8        EV:  7    Int:  9    God:    Trog [**....]
Gold:   314        SH:  4    Dex:  8    Spells: 8/8 levels left

rFire   . . .      SeeInvis .   a - +0 war axe (venom) {axe}
rCold   . . .      Faith    .   c - +0 buckler
rNeg    . . .      Spirit   +   k - +0 chain mail
rPois   .          Reflect  .   (helmet unavailable)
rElec   .          Harm     .   w - +1 cloak
rCorr   .          Rampage  .   p - +0 pair of gloves
Will    .....                   (no boots)
Stlth   ..........              I - amulet of guardian spirit
HPRegen 0.24/turn               (no ring)
MPRegen 0.11/turn               (no ring)

@: no status effects
A: horns 3, retaliatory headbutt, clever 1, screaming 1, noise suppression
a: Renounce Religion, Berserk, Trog's Hand


You were in a bailey.
You worshipped Trog.
Trog was pleased with you.
You visited 1 branch of the dungeon, and saw 7 of its levels.
You also visited: Sewer, Ossuary and Bailey.

You collected 314 gold pieces.


Innate Abilities, Weirdness & Mutations

You have a pair of large horns on your head.
You reflexively headbutt those who attack you in melee.
Your mind is acute. (Int +4, Str/Dex -1)
You occasionally shout uncontrollably at your foes.
You passively dampen the noise of your surroundings.


   Skills:
 * Level 10.9 Fighting
 * Level 10.6 Axes
 - Level 3.6 Armour
 - Level 3.6 Shields


You had 8 spell levels left.
You didn't know any spells.
Your spell library contained the following spells:

 Spells                   Type           Power      Damage    Failure   Level
 Poisonous Vapours        Pois/Air       0%         N/A       99%         2
 Sublimation of Blood     Necr           0%         N/A       99%         2
 Wereblood                Tmut           0%         N/A       99%         2
 Ozocubu's Armour         Ice            0%         N/A       100%        3
 Corpse Rot               Necr/Pois/Air  0%         N/A       100%        4
 Ozocubu's Refrigeration  Ice            0%         4d7       100%        7
 Summon Hydra             Summ           0%         N/A       100%        7
 Chain Lightning          Conj/Air       0%         N/A       100%        9
 Fire Storm               Conj/Fire      0%         5d1       100%        9
 Shatter                  Erth           0%         3d5*      100%        9

Inventory:

Hand Weapons
 a - a +0 war axe of venom (weapon) {axe}
 E - a +1 hand axe of electrocution {axe}
   (You took it off an orc on level 6 of the Dungeon)
Missiles
 i - 77 stones (quivered) {throwing}
 z - 22 poisoned darts {throwing}
 F - 8 boomerangs {throwing}
 G - 3 boomerangs of dispersal {=f!fthrowing}
Armour
 c - a +0 buckler (worn)
 k - a +0 chain mail (worn)
   (You found it on level 1 of the Dungeon)
 p - a +0 pair of gloves (worn)
   (You found it on level 2 of the Dungeon)
 w - a +1 cloak (worn)
   (You took it off Crazy Yiuf on level 3 of the Dungeon)
Jewellery
 I - an amulet of guardian spirit (around neck)
   (You found it on level 6 of the Dungeon)
Wands
 D - a wand of quicksilver (4)
   (You found it on level 5 of the Dungeon)
Scrolls
 f - a scroll of blinking {!r}
 g - a scroll of summoning
 h - 3 scrolls of fear
 j - 2 scrolls of torment {!r}
 l - 2 scrolls of fog
 u - 2 scrolls of teleportation {@r4}
Potions
 b - a potion of degeneration {unknown}
 d - 4 potions of might
 e - 5 potions of curing {@q1}
 m - a potion of berserk rage {unknown}
 n - 2 potions of attraction {!q}
 o - 2 potions of brilliance {unknown}
 q - a potion of mutation {!q}
 r - 3 potions of lignification {!q}
 t - 3 potions of haste {@q3}
 v - a potion of ambrosia {unknown}
 A - 2 potions of flight
 B - a potion of heal wounds {@q2}

Dungeon Overview and Level Annotations

Branches:
Dungeon (7/15) Zot: 26796   Sewer (visited)         Ossuary (visited)
 Bailey (1/1) Zot: 5868
 Temple: D:4-7

Altars:
Dithmenos
Elyvilon
Makhleb
Nemelex Xobeh
Qazlal
Trog
Uskayaw

Shops:
D:1

: #≈≈≈≈≈# #≈≈≈≈≈#
##### #≈≈≈≈≈# ......
#≈≈≈≈≈# 8.8.8.
#≈≈≈≈≈#
#...######≈≈≈≈≈#
#...o..#.~≈≈≈≈≈#
#...)@.#.~≈≈≈≈.######
#####))#.~≈≈≈≈......#
#.....#.~≈≈≈≈......##
#....)'..............
#..⌠.)'..........∩..∩
#.....'..............
#.....#.~≈≈≈≈......##
####++#.~≈≈≈≈......#
#.~≈≈≈≈.######


You could see an orc knight (extremely poisoned).


Message History

You kill the goblin!
Trog accepts your kill. You block the orc warrior's attack.
You hit the orc warrior.
The orc warrior looks as sick as possible!
The orc warrior closely misses you. You furiously retaliate!
You headbutt the orc warrior. 😕 HP[+1]
You hit the orc warrior but do no damage.
The orc warrior looks as sick as possible!
The orc warrior hits you with a +0 war axe! 😕 HP[-7]
You take 7 damage, and now have 66/86 hp.
You slash the orc warrior!
You kill the orc warrior!
Trog accepts your kill.
Things that are here:
a +0 war axe {axe}; a +0 chain mail; an orc corpse You open the large door.
A goblin and 2 hobgoblins come into view.
You yell at the hobgoblin!
The hobgoblin shouts! x2; You hear a shout!
An orc knight comes into view.
It is wielding a +0 broad axe. 😎 HP[+20] MP[+2]
Your hp is fully restored (86).
Your mp is fully restored (8).
There is a large open door here.
The hobgoblin attacks as you move away!
The hobgoblin hits you with a +0 hand axe.
There is a large open door here. 😎 MP[-1]
You lost 1 mp, and now have 7/8 mp.
You barely miss the hobgoblin.
The hobgoblin hits you with a +0 hand axe. 😕 HP[-2]
You take 2 damage, and now have 84/86 hp.
You hit the hobgoblin.
The hobgoblin is poisoned.
You hit the goblin.
The goblin is poisoned.
You kill the hobgoblin!
Trog accepts your kill.
The goblin hits you with a +0 hand axe. 😕 HP[-3] MP[-1]
You take 3 damage, and now have 81/86 hp.
You lost 1 mp, and now have 6/8 mp.
The goblin barely misses you. You furiously retaliate!
You headbutt the goblin!
You kill the goblin!
Trog accepts your kill. You block the hobgoblin's attack.
There is a large open door here.
Things that are here:
a +0 hand axe {axe}; a +0 leather armour 😕 HP[+1]
The hobgoblin hits you but does no damage.
The orc knight hits you with a +0 broad axe! 😕 HP[-9]
You take 9 damage, and now have 73/86 hp.
You hit the orc knight. Your headbutt misses the orc knight.
You completely miss the hobgoblin.
You hit the orc knight but do no damage.
The orc knight is poisoned.
You hit the hobgoblin.
The hobgoblin is poisoned.
The hobgoblin barely misses you.
The orc knight hits you but does no damage.
You slash the orc knight!
The orc knight looks as sick as possible!
You headbutt the orc knight, but do no damage.
You hit the hobgoblin.
You kill the hobgoblin!
Trog accepts your kill.
The orc knight hits you with a +0 broad axe! 😮 HP[-11] MP[-1]
You take 11 damage, and now have 62/86 hp.
You lost 1 mp, and now have 5/8 mp.
You closely miss the orc knight. Your headbutt misses the orc knight.
The orc knight closely misses you. You furiously retaliate!
You headbutt the orc knight!
The orc knight hits you with a +0 broad axe! 😮 HP[-8] MP[-1]
You take 8 damage, and now have 54/86 hp.
You lost 1 mp, and now have 4/8 mp.
You barely miss the orc knight.
The orc knight hits you with a +0 broad axe!!
* * * LOW HITPOINT WARNING * * *
😨 HP[-29] MP[-2]
You take 29 damage, and now have 25/86 hp.
MASSIVE DAMAGE!! (PAUSE)
You lost 2 mp, and now have 2/8 mp.
You slash the orc knight!
The orc knight looks as sick as possible!
Your headbutt misses the orc knight.
You hit the orc knight but do no damage.
The orc knight hits you with a +0 broad axe!
* * * LOW HITPOINT WARNING * * *
The orc knight hits you with a +0 broad axe!
* * * LOW HITPOINT WARNING * * *
😱 HP[-24] MP[-2]
You take 24 damage, and now have 1/86 hp.
MASSIVE DAMAGE!! (PAUSE)
You lost 2 mp, and now have 0/8 mp.
You feel much better.
The orc knight hits you with a +0 broad axe!!
You die...

Skill      XL: |  1  2  3  4  5  6  7  8 |
---------------+-------------------------+-----
Fighting       | 4 5 6 7 8 10 | 10.9
Axes           | 3 4 5 6 8 10 | 10.6
Armour         | |  3.6
Shields        | |  3.6

Action                   |  1- 3 |  4- 6 |  7- 9 || total
-------------------------+-------+-------+-------++-------
Melee: War axe           |    63 |   160 |   249 ||   472
       Headbutt          |     9 |    19 |    55 ||    83
  Use: Scroll            |       |       |    16 ||    16
       Potion            |       |       |     3 ||     3
Armor: Scale mail        |    17 |       |       ||    17
       Chain mail        |    12 |    92 |   129 ||   233
Dodge: Dodged            |    21 |    46 |   109 ||   176
Block: Buckler           |    22 |    32 |    45 ||    99

Levels and vault maps discovered:
D:1:      dpeg_arrival_prison, layout_rooms, nicolae_shop_vocational
D:2:      layout_basic, basic_altar, ebering_ecumenical_altar_petrified,
          serial_rivers, chequers_serial_rivers_small_b,
          chequers_serial_rivers_micro_e, chequers_serial_rivers_micro_c,
          chequers_serial_rivers_micro_e, chequers_serial_rivers_micro_b,
          chequers_serial_rivers_micro_c
D:3:      layout_basic, mainiacjoe_overflow_alcove_4, lightli_temple_of_fire,
          nicolae_qazlal_scattered_showers, minivault_26,
          uniq_crazy_yiuf_cottage
D:4:      layout_loops_corners, gammafunk_temple_overflow_wave
D:5:      kennysheep_spiral_hall, layout_rooms, mainiacjoe_overflow_24_doors,
          nicolae_uskayaw_dance_hall, lightli_sewer_entry_pipes,
          minmay_misc_feat_square, uniq_menkaure, uniq_blork_the_orc
D:6:      layout_basic, serial_curves, eino_curves_02, eino_curves_01,
          eino_curves_02, patterned_corridor
D:7:      layout_loops_corners, temple_hall, enter_bailey_2, enter_ossuary_5,
          grunt_ministairs_4, uniq_joseph, uniq_maggie
Bailey:   bailey_axe_of_yendor_kennysheep, bailey

Notes
Turn   | Place    | Note
-------+----------+-------------------------------------------
     0 | D:1      | Sanktem7 the Minotaur Fighter began the quest for the Orb.
     0 | D:1      | Reached XP level 1. HP: 19/19 MP: 0/0
     0 | D:1      | magus.rc [v1.9.6]
    57 | D:1      | Reached skill level 4 in Fighting
    58 | D:1      | Reached skill level 3 in Axes
    58 | D:1      | Reached XP level 2. HP: 18/27 MP: 1/1
   152 | D:1      | Found Ibluboz's Vocational Training.
   156 | D:1      | You add the spells Ozocubu's Armour and Ozocubu's
                  | Refrigeration to your library.
   578 | D:2      | Reached XP level 3. HP: 34/34 MP: 2/2
   718 | D:2      | Found a faded altar of an unknown god.
   871 | D:2      | Reached skill level 4 in Axes
   873 | D:2      | Reached skill level 5 in Fighting
   873 | D:2      | Reached XP level 4. HP: 29/42 MP: 3/3
   980 | D:2      | Found a burning altar of Makhleb.
  2157 | D:3      | Found a sparkling altar of Nemelex Xobeh.
  2268 | D:3      | Found a stormy altar of Qazlal.
  2491 | D:3      | Found a runed translucent door.
  2492 | D:3      | Noticed Crazy Yiuf
  2758 | D:3      | Found a burning altar of Makhleb.
  2832 | D:3      | Killed Crazy Yiuf
  2833 | D:3      | Reached XP level 5. HP: 33/50 MP: 4/4
  3037 | D:4      | Reached skill level 5 in Axes
  3147 | D:4      | Noticed a phantom
  3170 | D:4      | Killed a phantom
  3171 | D:4      | Reached skill level 6 in Fighting
  3171 | D:4      | Reached XP level 6. HP: 46/58 MP: 5/5
  3280 | D:4      | Found a white marble altar of Elyvilon.
  3280 | D:4      | Found a bloodstained altar of Trog.
  3427 | D:4      | You pick up a book of Blood and begin reading...
  3427 | D:4      | You add the spells Sublimation of Blood, Wereblood and
                  | Summon Hydra to your library.
  3843 | D:4      | You pick up a book of Vapours and begin reading...
  3843 | D:4      | You add the spells Poisonous Vapours and Corpse Rot to your
                  | library.
  3861 | D:4      | You pick up a book of Annihilations and begin reading...
  3861 | D:4      | You add the spells Chain Lightning, Fire Storm and Shatter
                  | to your library.
  3970 | D:4      | Reached skill level 6 in Axes
  4331 | D:5      | Entered Level 5 of the Dungeon
  4331 | D:5      | Noticed Blork the orc
  4331 | D:5      | Found a hide-covered altar of Uskayaw.
  4343 | D:4      | Reached skill level 7 in Fighting
  4343 | D:4      | Killed Blork the orc
  4490 | D:5      | Reached XP level 7. HP: 55/65 MP: 6/6
  4528 | D:5      | Noticed Menkaure
  4535 | D:5      | Killed Menkaure
  4536 | D:5      | Reached skill level 7 in Axes
  4581 | D:5      | Reached skill level 8 in Fighting
  4765 | D:5      | Found a glowing drain.
  4784 | Sewer    | Entered a sewer
  5054 | Sewer    | Reached skill level 8 in Axes
  5149 | Sewer    | Found a white marble altar of Elyvilon.
  5287 | D:5      | Reached XP level 8. HP: 76/77 MP: 7/7
  5495 | D:5      | Reached skill level 9 in Fighting
  5566 | D:5      | Found a shadowy altar of Dithmenos.
  5764 | D:4      | Became a worshipper of Trog the Wrathful
  5869 | D:6      | Reached skill level 9 in Axes
  6050 | D:6      | Reached skill level 10 in Fighting
  6724 | D:6      | Gained mutation: You occasionally lose the ability to drink
                  | potions when taking damage. [potion of mutation]
  6725 | D:6      | Lost mutation: You occasionally lose the ability to drink
                  | potions when taking damage. [potion of mutation]
  6725 | D:6      | Gained mutation: You passively dampen the noise of your
                  | surroundings. [potion of mutation]
  6725 | D:6      | Gained mutation: Your mind is acute. (Int +4, Str/Dex -1)
                  | [potion of mutation]
  6725 | D:6      | Gained mutation: You occasionally shout uncontrollably at
                  | your foes. [potion of mutation]
  6725 | D:6      | Gained mutation: You have a pair of large horns on your
                  | head. [potion of mutation]
  7048 | D:7      | Reached skill level 10 in Axes
  7126 | D:7      | Found a sand-covered staircase.
  7130 | Ossuary  | Entered an ossuary
  7138 | Ossuary  | Reached * piety under Trog
  7151 | Ossuary  | Reached XP level 9. HP: 79/86 MP: 5/8
  7281 | Ossuary  | Reached ** piety under Trog
  7423 | D:7      | Found a flagged portal.
  7434 | Bailey   | Entered a bailey
  7549 | Bailey   | Noticed an orc knight
  7564 | Bailey   | HP: 10/86 [orc knight/+0 broad axe (16)]
  7564 | Bailey   | HP: 1/86 [orc knight/+0 broad axe (9)]
  7565 | Bailey   | Slain by an orc knight

Vanquished Creatures
  Menkaure (D:5)
  An orc warrior (Bailey)
  3 black bears
  A centaur (D:6)
  An ogre (D:4)
  A phantom (D:4)
  3 kobold brigands
  A necrophage (D:5)
  Blork the orc (D:4)
  A bullfrog (D:7)
  A scorpion (D:5)
  3 water moccasin zombies (Ossuary)
  Crazy Yiuf (D:3)
  5 hounds
  An orc priest (D:6)
  3 jellies
  4 iguanas
  3 orc wizards (D:6)
  2 mummies (Ossuary)
  3 gnolls (D:2)
  9 adders
  7 river rats
  4 adder zombies (Ossuary)
  8 worms
  6 dart slugs
  23 orcs
  9 ball pythons
  5 endoplasms
  3 giant cockroaches (D:1)
  8 gnoll zombies (Ossuary)
  11 goblins
  10 hobgoblins
  4 jackals
  3 quokkas
  8 bats
  6 frilled lizards
  6 hobgoblin zombies (Ossuary)
  18 kobolds
  4 kobold zombies (Ossuary)
  2 orc zombies (Ossuary)
  6 rats
200 creatures vanquished.

Table legend:
 A = Non-vault XP
 B = Vault XP
 C = Vault XP percentage of total XP
 D = Non-vault monster count
 E = Vault monster count
 F = Vault count percentage of total count
                 A         B        C        D         E       F
            +---------+---------+-------+---------+---------+-------
      Total |    2046 |    1178 |  36.5 |     133 |      67 |  33.5
            +---------+---------+-------+---------+---------+-------
        D:1 |      37 |       3 |   7.5 |      20 |       2 |   9.1
        D:2 |     100 |       0 |   0.0 |      23 |       0 |   0.0
        D:3 |      52 |      42 |  44.7 |      21 |       1 |   4.5
        D:4 |     405 |      91 |  18.3 |      25 |       1 |   3.8
        D:5 |     475 |     344 |  42.0 |      13 |      16 |  55.2
        D:6 |     731 |       0 |   0.0 |      20 |       0 |   0.0
        D:7 |     246 |       0 |   0.0 |      11 |       0 |   0.0
      Sewer |       0 |     232 | 100.0 |       0 |      12 | 100.0
    Ossuary |       0 |     313 | 100.0 |       0 |      29 | 100.0
     Bailey |       0 |     153 | 100.0 |       0 |       6 | 100.0
            +---------+---------+-------+---------+---------+-------

Illustrated notes

Table legend:
 A = Kills in this place as a percentage of kills in entire the game.
 B = Kills by you in this place as a percentage of kills by you in the entire game.
 C = Kills by friends in this place as a percentage of kills by friends in the entire game.
 D = Other kills in this place as a percentage of other kills in the entire game.
 E = Experience gained in this place as a percentage of experience gained in the entire game.
 F = Experience gained in this place divided by the number of levels of this place that you have seen.
                   A       B       C       D       E      F
               +-------+-------+-------+-------+-------+----------------------
         Total | 100.0 | 100.0 |   N/A |   N/A | 100.0 | 322.4
       Dungeon |  76.5 |  76.5 |   N/A |   N/A |  78.3 | 360.9
         Sewer |   6.0 |   6.0 |   N/A |   N/A |   7.2 | 232.0
       Ossuary |  14.5 |  14.5 |   N/A |   N/A |   9.7 | 313.0
        Bailey |   3.0 |   3.0 |   N/A |   N/A |   4.7 | 153.0
               +-------+-------+-------+-------+-------+----------------------

Table legend: (Time is in decaauts)
 A = Elapsed time spent in this place.
 B = Non-inter-level travel time spent in this place.
 C = Inter-level travel time spent in this place.
 D = Time resting spent in this place.
 E = Time spent auto-exploring this place.
 F = Levels seen in this place.
 G = Mean time per level.
                   A        B        C        D        E       F      G
               +--------+--------+--------+--------+--------+-----+--------+
         Total |   7745 |   7351 |    394 |    457 |   5510 |  10 |  774.5 |
       Dungeon |   6936 |   6542 |    394 |    274 |   5099 |   7 |  990.9 |
         Sewer |    451 |    451 |      0 |    183 |    176 |   1 |  451.0 |
       Ossuary |    226 |    226 |      0 |      0 |    129 |   1 |  226.0 |
        Bailey |    130 |    130 |      0 |      0 |    105 |   1 |  130.0 |
               +--------+--------+--------+--------+--------+-----+--------+

Top non-repeatable levels by time:
     D:4: 1523 daAuts
     D:2: 1365 daAuts
     D:6: 1211 daAuts
     D:3: 1128 daAuts
     D:5: 916 daAuts
     D:1: 587 daAuts
   Sewer: 451 daAuts
 Ossuary: 226 daAuts
     D:7: 203 daAuts
  Bailey: 130 daAuts
